 Dungeon Crawl Stone Soup version 0.24.1-14-gf8d2b509d9 (webtiles) character file.

Game seed: 17512048994412248957, levelgen mode: deterministic

300 Spinowolf the Poker (level 6, -2/48 HPs)
             Began as a Demonspawn Chaos Knight on Nov 21, 2021.
             Was a Believer of Dithmenos.
             Killed by nerve-wracking pain
             ... invoked by an orc priest
              (3 damage)
             ... on level 4 of the Dungeon.
             The game lasted 00:33:23 (2889 turns).

Spinowolf the Poker (Demonspawn Chaos Knight)       Turns: 2889, Time: 00:33:24

Health: -2/48      AC:  9    Str: 14    XL:     6   Next: 13%
Magic:  6/6        EV: 12    Int: 13    God:    Dithmenos [**....]
Gold:   120        SH:  0    Dex: 13    Spells: 5/5 levels left

rFire    + . .     SeeInvis .   d - +9 club
rCold    . . .     Gourm    .   (no shield)
rNeg     . . .     Faith    .   b - +2 leather armour
rPois    .         Spirit   .   (no helmet)
rElec    .         Reflect  .   h - +1 cloak
rCorr    .         Harm     .   (no gloves)
MR       .....     Clarity  +   (no boots)
Stlth    ++........             (no amulet)
HPRegen  0.16/turn              (no ring)
MPRegen  0.10/turn              (no ring)

@: wreathed by umbra
A: talons 1, yellow scales 1, blink, clarity, demonic guardian 1, fire
resistance 1, screaming 2, wild magic 1
a: Blink, Shadow Step, Renounce Religion


You were on level 4 of the Dungeon.
You worshipped Dithmenos.
Dithmenos was pleased with you.
You were not hungry.

You visited 1 branch of the dungeon, and saw 4 of its levels.
You also visited: Sewer.

You collected 120 gold pieces.

Inventory:

Hand Weapons
 a - a +0 spear of chaos
 d - a +9 club (weapon)
 e - a +0 spear
Armour
 b - a +2 leather armour (worn)
 h - a +1 cloak (worn)
Wands
 l - a wand of polymorph (9)
Scrolls
 f - 2 scrolls of fog
 i - a scroll of remove curse
 m - 2 scrolls of identify
 q - 2 scrolls of teleportation {unknown}
Potions
 g - a potion of brilliance
 j - a potion of resistance
 k - 2 potions of might
 n - 4 potions of curing {unknown}
 o - a potion of magic {unknown}
 p - a potion of heal wounds {unknown}
Comestibles
 c - 2 rations


   Skills:
 + Level 4.0 Fighting
 + Level 0.4 Maces & Flails
 + Level 4.4 Polearms
 + Level 2.7 Armour
 + Level 2.4 Dodging
 + Level 1.1 Stealth


You had 5 spell levels left.
You didn't know any spells.
Your spell library was empty.

Dungeon Overview and Level Annotations

Branches:
Dungeon (4/15)              Sewer (visited)
 Temple: D:4-7

Altars:
Dithmenos
Kikubaaqudgha
Nemelex Xobeh
The Shining One


Innate Abilities, Weirdness & Mutations

You have sharp toenails.
You are partially covered in yellow scales. (AC +2)
A weak demonic guardian rushes to your aid.
Your flesh is heat resistant. (rF+)
You can translocate small distances at will.
You possess an exceptional clarity of mind.
You sometimes yell uncontrollably at your foes.
Your spells are a little harder to cast, but a little more powerful.


Message History

Beogh smites you! The orc closely misses you.
You hit the orc priest but do no damage.
You claw the orc priest, but do no damage.
The orc priest is heavily wounded.
The orc priest hits you with a +0 war axe.
* * * LOW HITPOINT WARNING * * *
The orc priest hits you but does no damage.
The phantom blinks!
The orc barely misses your iron imp.
As you read the scroll of fog, it crumbles to dust.
The scroll dissolves into smoke.
Your iron imp hits the orc but does no damage.
The orc completely misses your iron imp.
The orc priest mumbles some strange prayers to Beogh against you.
Pain shoots through your body!
* * * LOW HITPOINT WARNING * * *
Something hits your iron imp but does no damage.
Your iron imp completely misses the orc priest.
The orc priest invokes the aid of Beogh against you.
Pain shoots through your body!
You die...

.>.###### #......#
#########.
#.###.###(........
#..)......####.###
###.....'##≈≈###≈#
.....#...#≈≈≈≈≈≈'≈#
.#####.§§#≈≈≈≈≈≈'.#
#§§§'##≈≈###≈# >
#§@#..####.### #.##
##§##........ ....
#{o#########
#..#5SZ.####
#.§§o§.So...
#####.##.§.. .# ##.
.# .#


You could see an orc priest.

Vanquished Creatures
  An orc wizard (D:3)
  Jessica (D:3)
  A worker ant (D:4)
  An adder (D:3)
  5 river rats (Sewer)
  2 oozes (D:1)
  2 worms
  A dart slug (D:2)
  6 leopard geckos
  6 orcs (D:3)
  7 giant cockroaches
  8 goblins
  6 hobgoblins
  2 jackals (D:2)
  8 kobolds
  3 quokkas (D:2)
  4 ball pythons (Sewer)
  7 bats
  11 frilled lizards
  15 rats
97 creatures vanquished.

Vanquished Creatures (collateral kills)
  A scorpion (D:3)
  A hound (D:3)
  An orc (D:3)
3 creatures vanquished.

Grand Total: 100 creatures vanquished

Notes
Turn   | Place    | Note
-------+----------+-------------------------------------------
     0 | D:1      | Spinowolf the Demonspawn Chaos Knight began the quest for
                  | the Orb.
     0 | D:1      | Reached XP level 1. HP: 18/18 MP: 1/1
     0 | D:1      | Fell from the grace of Xom
    84 | D:1      | XOM: 2-stop teleportation journey
   131 | D:1      | Reached skill level 1 in Dodging
   131 | D:1      | Gained mutation: You are partially covered in yellow
                  | scales. (AC +2) [demonic ancestry]
   131 | D:1      | Reached XP level 2. HP: 17/24 MP: 2/2
   272 | D:1      | Gained mutation: A weak demonic guardian rushes to your
                  | aid. [demonic ancestry]
   272 | D:1      | Reached XP level 3. HP: 20/29 MP: 3/3
   862 | D:2      | XOM: noise
   876 | D:2      | XOM: 4-stop teleportation journey
   940 | D:2      | Found a glowing golden altar of the Shining One.
  1316 | D:2      | XOM: give mutation
  1316 | D:2      | Gained mutation: Scrolls take you a little longer to read.
                  | [Xom's mischief]
  1319 | D:2      | Found a sparkling altar of Nemelex Xobeh.
  1429 | D:2      | Found an ancient bone altar of Kikubaaqudgha.
  1479 | D:2      | Found a faded altar of an unknown god.
  1488 | D:2      | Became a worshipper of Dithmenos the Shadowed
  1488 | D:2      | Reached * piety under Dithmenos
  1502 | D:2      | Gained mutation: Your flesh is heat resistant. (rF+)
                  | [demonic ancestry]
  1502 | D:2      | Reached XP level 4. HP: 35/37 MP: 4/4
  1586 | D:2      | Lost mutation: Scrolls take you a little longer to read.
                  | [potion of mutation]
  1586 | D:2      | Gained mutation: You possess an exceptional clarity of
                  | mind. [potion of mutation]
  1586 | D:2      | Gained mutation: You are clumsy. (Dex -2) [potion of
                  | mutation]
  1586 | D:2      | Lost mutation: You are clumsy. (Dex -2) [potion of
                  | mutation]
  1677 | D:2      | XOM: give mutations
  1677 | D:2      | Gained mutation: You occasionally shout uncontrollably at
                  | your foes. [Xom's mischief]
  1677 | D:2      | Gained mutation: You sometimes yell uncontrollably at your
                  | foes. [Xom's mischief]
  1677 | D:2      | Gained mutation: You can translocate small distances at
                  | will. [Xom's mischief]
  2087 | D:3      | Gained mutation: You have sharp toenails. [demonic
                  | ancestry]
  2087 | D:3      | Reached XP level 5. HP: 40/42 MP: 5/5
  2105 | D:3      | Noticed Jessica
  2111 | D:3      | Killed Jessica
  2111 | D:3      | Reached skill level 1 in Stealth
  2170 | D:3      | XOM: noise
  2561 | D:4      | Reached ** piety under Dithmenos
  2569 | D:4      | Found a glowing drain.
  2574 | Sewer    | Entered a sewer
  2624 | Sewer    | XOM: give mutation
  2624 | Sewer    | Gained mutation: Your spells are a little harder to cast,
                  | but a little more powerful. [Xom's mischief]
  2635 | Sewer    | Reached XP level 6. HP: 48/48 MP: 6/6
  2659 | Sewer    | XOM: polymorph frilled lizard -> river rat
  2888 | D:4      | HP: 1/48 [orc priest/nerve-wracking pain (12)]
  2889 | D:4      | Killed from afar by an orc priest

Levels and vault maps discovered:
D:1:      onia_arrival_mini_maze_b, layout_loops_ring, minmay_worlds_worst_comb
D:2:      layout_loops_ring, lemuel_coloured_pillars_altar,
          nicolae_overflow_hidden_temple, tso_oasis_becter,
          chequers_ecumenical_altar_simple_redux, first_ration
D:3:      layout_rooms, nicolae_underground_beach, uniq_jessica
D:4:      layout_rooms, nicolae_ossuary_entry_monument, gup_sewer_entry_bowl,
          kennysheep_nondescript

Skill      XL: |  1  2  3  4  5 |
---------------+----------------+-----
Dodging        | 1 2 |  2.4
Polearms       | 3 4 |  4.4
Armour         | 2 |  2.7
Stealth        | 1 |  1.1
Fighting       | 4 |  4.0
Maces & Flails | |  0.4

Action                   |  1- 3 |  4- 6 || total
-------------------------+-------+-------++-------
Melee: Spear             |   208 |    35 ||   243
       Club              |       |    87 ||    87
       Kick              |       |    19 ||    19
Invok: Renounce Religion |     1 |       ||     1
  Use: Scroll            |     5 |     3 ||     8
       Potion            |     2 |     3 ||     5
 Stab: Petrifying        |     1 |       ||     1
       Petrified         |     1 |       ||     1
  Eat: Ration            |     1 |     1 ||     2
Armor: Leather armour    |    82 |    39 ||   121
Dodge: Dodged            |   126 |    94 ||   220
